 Dungeon Crawl Stone Soup version 0.19.5 (webtiles) character file.

5929 XVar the Cleaver (level 10, -5/91 HPs)
             Began as a Minotaur Berserker on May 6, 2017.
             Was a High Priest of Trog.
             Slain by a wight
             ... wielding a +0 short sword
              (6 damage)
             ... on level 9 of the Dungeon.
             The game lasted 00:36:13 (6724 turns).

XVar the Cleaver (Minotaur Berserker)               Turns: 6724, Time: 00:36:14

Health: -5/91      AC: 14    Str: 25 (26) XL:     10   Next: 54%
Magic:  9/9        EV:  9    Int:  1 (4)  God:    Trog [*****.]
Gold:   514        SH:  4    Dex:  6 (9)  Spells: 0 memorised, 9 levels left

rFire  . . .     SeeInvis .     N - +0 war axe
rCold  . . .     Gourm    .     G - +0 plate armour
rNeg   . . .     Faith    .     f - +0 buckler
rPois  .         Spirit   .     L - +0 hat
rElec  .         Reflect  .     (no cloak)
rCorr  .         Harm     .     h - +0 pair of gloves
MR     .....     Rnd*Tele +     (no boots)
Stlth  ..........               (no amulet)
                                J - ring of stealth
                                o - +2 ring of slaying

@: lethally poisoned (-5 -> -9), exhausted, flying, slowed, very slow
A: retaliatory headbutt, hooves 1, horns 2, teleportitis 1, no device heal 1
a: Berserk, Trog's Hand, Brothers in Arms, Burn Spellbooks, Renounce Religion


You were on level 9 of the Dungeon.
You worshipped Trog.
Trog was extremely pleased with you.
You were very hungry.

You visited 1 branch of the dungeon, and saw 9 of its levels.

You collected 514 gold pieces.

Inventory:

Hand Weapons
 N - a +0 war axe (weapon)
Armour
 d - the +1 leather armour "Joude" {MP+9}
   (You found it on level 4 of the Dungeon)

   It affects your magic capacity (+9).
 f - a +0 buckler (worn)
 h - a +0 pair of gloves (worn)
 G - a +0 plate armour (worn)
 L - a +0 hat (worn)
Jewellery
 o - a +2 ring of slaying (left hand)
 C - an uncursed amulet of faith
 E - a cursed amulet of inaccuracy {unknown}
 J - a ring of stealth (right hand)
 M - an uncursed ring of stealth
Wands
 p - a wand of paralysis (17/24)
 u - a wand of teleportation (5/9)
 I - a wand of flame (35/48)
 Q - a wand of polymorph (18/24)
 R - a wand of polymorph (10/24)
Scrolls
 a - a scroll of brand weapon {unknown}
 b - a scroll of noise
 e - 2 scrolls of amnesia
 l - a scroll of immolation {unknown}
 q - a scroll of teleportation
 t - 2 scrolls of enchant weapon {unknown}
 v - a scroll of enchant armour {unknown}
 w - a scroll of magic mapping
 y - 2 scrolls of recharging
 F - 2 scrolls of fear {unknown}
 K - a scroll of holy word {unknown}
 O - 2 scrolls of identify
 T - a scroll of blinking {unknown}
Potions
 i - a potion of magic
 m - 2 potions of agility
 n - 3 potions of berserk rage
 r - a potion of invisibility
 x - 3 potions of might
 A - a potion of cure mutation
 H - a potion of lignification
Comestibles
 c - 4 bread rations
 g - 3 beef jerkies
 j - 3 fruits
 z - 2 slices of pizza
 B - a meat ration
 S - 4 chunks of flesh


   Skills:
 + Level 9.0 Fighting
 + Level 12.7 Axes
 + Level 7.4 Armour
 + Level 6.6 Dodging
 + Level 2.9 Stealth
 + Level 4.4 Shields


You had 9 spell levels left.
You didn't know any spells.

Dungeon Overview and Level Annotations

Branches:
Dungeon (9/15)             Temple (0/1) D:5
   Lair: D:8-11         Orc: D:9-12

Altars:
Dithmenos
Makhleb
Trog
Xom
Zin
The Shining One

Shops:
D:6 }((%}

Annotations:
D:7 1 runed door


Innate Abilities, Weirdness & Mutations

You reflexively headbutt those who attack you in melee.
You have a pair of horns on your head.
You have large cloven feet.
You are occasionally teleported next to monsters.
Potions and wands are less effective at restoring your health.


Message History

Your surroundings suddenly seem different.
You feel sick.
The wight closely misses you. 3 wights come into view.
Press: ? - help, v - describe, . - travel
Here: a wight, wielding a halberd and wearing a robe The floor.
It was a potion of flight.
You feel very buoyant.
You fly up into the air.
You feel sick. You block the wight's attack.
The wight hits you but does no damage.
It was a potion of mutation.
You feel extremely strange.
Your system partially rejects artificial healing.
You feel weirdly uncertain.
Your feet thicken and deform.
You feel sick.
The wight hits you from afar with a halberd.
* * * LOW HITPOINT WARNING * * *
The wight hits you with a long sword!
* * * LOW HITPOINT WARNING * * *
The wight hits you with a short sword.
You die...

##########
.........+
.........####
............
..........#
..........#
#..z@..#
#...z......#
#.z...######
#......
########


You could see 3 wights.

Vanquished Creatures
  Gastronok (D:8)
  The ghost of Artagas the Arsonist, a novice DEFE (D:6)
  A queen bee (D:9)
  A two-headed ogre (D:8)
  A hippogriff (D:7)
  2 ice beasts
  An orc warrior (D:7)
  4 centaurs
  An ogre (D:9)
  A phantom (D:4)
  4 bullfrogs
  A water moccasin skeleton (D:4)
  25 killer bees
  2 scorpions
  A howler monkey (D:8)
  A quasit (D:7)
  A jelly (D:8)
  4 hounds
  A centaur skeleton (D:8)
  9 orc priests
  7 orc wizards
  3 iguanas
  Terence (D:2)
  6 worker ants
  A hound skeleton (D:4)
  A howler monkey zombie (D:5)
  10 adders
  An ooze (D:4)
  An adder skeleton (D:4)
  An adder zombie (D:7)
  2 worms
  2 dart slugs
  5 leopard geckos
  32 orcs
  2 ball pythons
  4 bats
  5 giant cockroaches
  6 hobgoblins
  6 jackals
  8 kobolds
  7 quokkas
  A frilled lizard (D:3)
  6 goblins
  2 leopard gecko skeletons (D:5)
  A quokka skeleton (D:5)
  9 rats
  A butterfly (D:5)
194 creatures vanquished.

Notes
Turn   | Place    | Note
-------+----------+-------------------------------------------
     0 | D:1      | XVar the Minotaur Berserker began the quest for the Orb.
     0 | D:1      | Reached XP level 1. HP: 19/19 MP: 0/0
   453 | D:1      | Reached XP level 2. HP: 26/27 MP: 1/1
   550 | D:1      | Reached skill level 4 in Axes
   886 | D:2      | Noticed Terence
   894 | D:2      | Killed Terence
   894 | D:2      | Reached ** piety under Trog
   894 | D:2      | Reached XP level 3. HP: 34/34 MP: 2/2
   951 | D:2      | Reached XP level 4. HP: 16/41 MP: 3/3
  1228 | D:2      | Found a burning altar of Makhleb.
  1800 | D:3      | Reached skill level 5 in Axes
  1839 | D:3      | Reached XP level 5. HP: 38/47 MP: 4/4
  2412 | D:4      | Reached skill level 1 in Shields
  2515 | D:4      | Got a steaming leather armour
  2779 | D:4      | Reached *** piety under Trog
  2779 | D:4      | Reached skill level 5 in Fighting
  2799 | D:4      | Reached XP level 6. HP: 32/56 MP: 5/5
  2836 | D:4      | Identified the +1 leather armour "Joude" {MP+9} (You found it on level 4 of the Dungeon)
  2982 | D:4      | Found a shadowy altar of Dithmenos.
  3050 | D:4      | Reached skill level 6 in Axes
  3257 | D:5      | Entered Level 5 of the Dungeon
  3348 | D:5      | Found a staircase to the Ecumenical Temple.
  3391 | D:5      | Noticed an ice beast
  3454 | D:5      | Killed an ice beast
  3454 | D:5      | Reached XP level 7. HP: 18/61 MP: 6/6
  3903 | D:5      | Reached skill level 7 in Axes
  4014 | D:6      | Noticed Artagas's ghost (novice DEFE)
  4015 | D:6      | Found Soninn's Gadget Shoppe.
  4028 | D:6      | Killed Artagas's ghost
  4028 | D:6      | Reached skill level 8 in Axes
  4028 | D:6      | Reached skill level 5 in Armour
  4030 | D:6      | Got a scorched flail
  4098 | D:6      | Reached XP level 8. HP: 59/70 MP: 7/7
  4113 | D:6      | Found Bykiesav's Antique Weapon Boutique.
  4161 | D:6      | Found Poetoryutz's Gadget Shop.
  4182 | D:6      | Found Qiecwour's Food Shoppe.
  4193 | D:6      | Reached skill level 1 in Stealth
  4382 | D:6      | Found Ujurr's Antique Weapon Boutique.
  4668 | D:7      | Reached skill level 9 in Axes
  4668 | D:7      | Reached skill level 5 in Dodging
  4748 | D:7      | Found a glowing golden altar of the Shining One.
  5037 | D:7      | Reached skill level 10 in Axes
  5040 | D:7      | Reached XP level 9. HP: 11/78 MP: 8/8
  5111 | D:7      | Reached **** piety under Trog
  5177 | D:7      | Found a bloodstained altar of Trog.
  5294 | D:7      | Found a glowing silver altar of Zin.
  5294 | D:7      | Noticed an angel
  5295 | D:7      | Found a runed door.
  5447 | D:7      | Found a shimmering altar of Xom.
  5673 | D:7      | Reached ***** piety under Trog
  6115 | D:8      | Reached skill level 11 in Axes
  6149 | D:8      | Noticed Gastronok
  6165 | D:8      | Killed Gastronok
  6165 | D:8      | Reached skill level 12 in Axes
  6165 | D:8      | Reached XP level 10. HP: 77/90 MP: 9/9
  6628 | D:9      | Received a gift from Trog
  6724 | D:9      | Gained mutation: Potions and wands are less effective at restoring your health. [potion of mutation]
  6724 | D:9      | Gained mutation: You are occasionally teleported next to monsters. [potion of mutation]
  6724 | D:9      | Gained mutation: You have large cloven feet. [potion of mutation]
  6724 | D:9      | HP: 1/91 [wight/long sword (7)]
  6724 | D:9      | Slain by a wight

Skill      XL: |  1  2  3  4  5  6  7  8  9 10 |
---------------+-------------------------------+-----
Fighting       | 4 5 6 8 9 |  9.0
Axes           | 4 5 6 8 10 12 | 12.7
Armour         | 3 4 5 6 7 |  7.4
Dodging        | 3 4 5 6 |  6.6
Shields        | 1 2 3 4 |  4.4
Stealth        | 1 2 |  2.9

Action                   |  1- 3 |  4- 6 |  7- 9 | 10-12 || total
-------------------------+-------+-------+-------+-------++-------
Melee: Hand axe          |    51 |   136 |    42 |       ||   229
       Headbutt          |     5 |    22 |    40 |    11 ||    78
       War axe           |       |       |   152 |    65 ||   217
Invok: Berserk           |       |     2 |     9 |     1 ||    12
  Use: Scroll            |       |    12 |     5 |     2 ||    19
       Potion            |       |     1 |     5 |     4 ||    10
 Stab: Sleeping          |       |       |     1 |       ||     1
       Distracted        |       |       |     1 |       ||     1
  Eat: Chunk             |       |     5 |    13 |     2 ||    20
       Bread ration      |       |     1 |     1 |       ||     2
Armor: Animal skin       |    10 |       |       |       ||    10
       Ring mail         |     9 |    32 |       |       ||    41
       Leather armour    |       |     7 |    32 |       ||    39
       Plate armour      |       |       |    35 |    46 ||    81
Dodge: Dodged            |    27 |    58 |   128 |    47 ||   260
Block: Buckler           |     7 |    13 |    28 |    17 ||    65
